Map: [ESL] Waterfall

Players

maru

  • Race: Terran Terran
  • League: Diamond
  • Spawn Location: 1:00

Serral - Winner!

  • Race: Zerg Zerg
  • League: Grandmaster
  • Spawn Location: 7:00

Event: TSL 9

VOD

Have the link to the VOD?

Description

Time

  • Played on: Sept. 4, 2022, 1:12 p.m.
  • Length: 22:12

All games in this series

Show
View Real Time Build Order
Export as new Build Order

maru Terran 

Build Orders:  

Get SALT Encoding   

  12  0:00  SCV  
  13  0:12  SCV  
  14  0:17  Supply Depot  
  14  0:24  SCV  
  15  0:38  SCV  
  15  0:39  Barracks  
  16  0:43  Refinery  
  16  0:50  SCV  
  17  1:02  SCV  
  18  1:14  SCV  
  19  1:26  Marine  
  19  1:27  Orbital Command  
  20  1:38  Command Center  
  20  1:49  Factory  
  20  1:52  SCV  
  21  2:01  Refinery  
  21  2:04  SCV, Barracks Reactor  
  22  2:09  Supply Depot  
  22  2:17  SCV  
  23  2:31  SCV  
  23  2:33  Hellion  
  23  2:35  Starport  
  26  2:40  Marine x2  
  26  2:43  SCV  
  29  2:51  Orbital Command  
  29  2:55  SCV, Widow Mine  
  32  3:00  Marine x2  
  34  3:07  SCV  
  34  3:11  Medivac  
  37  3:16  SCV  
  37  3:17  Supply Depot  
  38  3:21  SCV  
  38  3:25  Marine  
  40  3:28  Hellion  
  40  3:29  Hellion  
  40  3:31  SCV  
  40  3:33  SCV  
  46  3:41  Supply Depot  
  46  3:42  Starport Tech Lab  
  46  3:43  Barracks Tech Lab  
  46  3:45  SCV x2  
  48  3:57  SCV  
  48  4:02  Raven, Stimpack, Marine  
  50  4:04  Supply Depot  
  52  4:13  Command Center  
  52  4:14  SCV  
  53  4:20  Marine  
  54  4:25  Hellion x2  
  54  4:26  SCV  
  59  4:32  SCV  
  59  4:33  Supply Depot  
  60  4:38  SCV, Marine  
  60  4:44  SCV  
  63  4:50  SCV  
  64  4:55  Barracks  
  64  4:56  Engineering Bay x2  
  64  4:57  Marine  
  64  4:58  Starport Reactor, Barracks  
  65  5:01  SCV  
  65  5:05  Siege Tank  
  69  5:08  SCV  
  69  5:12  Refinery  
  70  5:15  Marine  
  70  5:16  SCV  
  70  5:21  SCV  
  73  5:28  SCV  
  74  5:33  SCV, Marine, Terran Infantry Weapons Level 1  
  74  5:35  Terran Infantry Armor Level 1  
  72  5:38  Orbital Command  
  72  5:39  Barracks  
  72  5:40  SCV  
  72  5:41  Barracks  
  73  5:44  Siege Tank  
  73  5:45  SCV  
  75  5:51  Marine x3  
  75  5:52  SCV  
  75  5:55  Combat Shield  
  78  5:57  SCV  
  78  5:58  Starport Reactor  
  78  5:59  Marine x2, Refinery  
  81  6:04  SCV  
  81  6:05  Orbital Command  
  81  6:09  Marine x3, Supply Depot  
  85  6:13  Supply Depot  
  85  6:14  SCV  
  85  6:17  Marine x2  
  85  6:18  SCV  
  89  6:26  SCV  
  89  6:29  Barracks Reactor, Marine  
  89  6:30  SCV, Barracks Reactor, Marine x2  
  89  6:31  SCV  
  89  6:32  Supply Depot  
  95  6:35  Siege Tank, Supply Depot  
  95  6:36  Marine x2  
  100  6:42  Medivac  
  100  6:43  Medivac  
  100  6:44  SCV  
  105  6:49  SCV x2  
  105  6:53  Marine  
  105  6:54  Marine  
  109  6:56  Supply Depot  
  109  6:59  Armory, Marine x2  
  111  7:04  SCV  
  111  7:05  SCV  
  111  7:07  Supply Depot  
  111  7:08  Supply Depot  
  113  7:12  Siege Tank  
  116  7:17  Marine x5, Medivac  
  116  7:20  SCV x3  
  116  7:21  Marine  
  127  7:28  Supply Depot  
  127  7:30  Marine x3  
  127  7:32  SCV  
  127  7:34  Marine  
  127  7:35  Marine  
  133  7:42  Marine x3  
  133  7:44  SCV  
  132  7:47  Marine x2  
  132  7:48  SCV x2, Marine  
  135  7:52  Marine x3  
  136  8:03  Terran Infantry Weapons Level 2, Terran Infantry Armor Level 2  
  108  8:05  Marine  
  108  8:06  Marine x5  
  108  8:07  Medivac x2  
  108  8:08  SCV  
  108  8:11  SCV x2  
  121  8:17  Marine  
  121  8:18  Marine  
  122  8:20  SCV  
  122  8:23  SCV  
  122  8:24  SCV  
  113  8:30  Siege Tank, Supply Depot  
  113  8:32  SCV  
  117  8:35  Marine  
  117  8:36  SCV x2, Marine x2  
  117  8:40  Marine  
  117  8:41  Marine x3  
  126  8:42  Medivac  
  126  8:44  SCV  
  126  8:48  SCV  
  131  8:52  Marine  
  131  8:53  Command Center  
  131  8:54  SCV  
  132  8:57  Terran Vehicle Weapons Level 1  
  132  8:58  Marine x5  
  137  9:03  Supply Depot, Refinery  
  137  9:04  Refinery  
  137  9:05  Supply Depot  
  137  9:06  Siege Tank  
  137  9:09  Factory  
  140  9:13  Supply Depot  
  138  9:21  Marine x4  
  142  9:24  Barracks  
  142  9:26  Barracks x2  
  142  9:29  Marine x3  
  142  9:30  Marauder  
  147  9:33  Medivac, Supply Depot  
  147  9:37  Medivac  
  151  9:38  Siege Tank  
  154  9:46  Marine x3  
  154  9:49  SCV  
  154  9:50  Supply Depot  
  154  9:52  Marauder  
  160  9:53  Sensor Tower  
  160  9:54  Factory Tech Lab  
  160  10:01  SCV  
  160  10:02  SCV  
  162  10:11  Siege Tank  
  162  10:13  Marauder  
  162  10:14  Barracks Tech Lab x2  
  167  10:15  SCV x3, Barracks Tech Lab  
  170  10:34  Marauder x2  
  170  10:35  SCV, Marauder  
  164  10:36  SCV  
  164  10:38  SCV  
  164  10:41  Marauder, Concussive Shells  
  169  10:43  Ghost Academy  
  169  10:45  Siege Tank x2  
  169  10:48  SCV x2  
  177  10:52  Sensor Tower  
  177  10:53  Command Center  
  177  10:56  Marauder, Planetary Fortress  
  179  10:57  SCV  
  179  10:58  Refinery  
  179  10:59  Refinery  
  179  11:00  SCV x2  
  182  11:09  SCV  
  173  11:13  Ghost x2  
  173  11:14  Ghost, Marine x2  
  173  11:17  Siege Tank, Command Center  
  178  11:23  Ghost  
  171  11:29  Marine x4  
  171  11:30  Marine  
  175  11:35  Personal Cloaking  
  175  11:38  Marine x3  
  178  11:42  Marine  
  178  11:44  Command Center, Terran Infantry Weapons Level 3  
  179  11:51  Marine x3  
  182  11:57  Siege Tank x2  
  188  12:02  Factory  
  188  12:12  Command Center  
  186  12:26  Marine  
  186  12:27  Marauder x2, Marine x4  
  186  12:29  Siege Tank x2  
  178  12:35  Terran Infantry Armor Level 3  
  178  12:36  SCV x2  
  174  12:37  Planetary Fortress  
  174  12:39  Orbital Command  
  174  12:42  Infernal Pre-Igniter  
  174  12:51  SCV  
  174  12:52  SCV x2  
  174  12:54  Factory Reactor, Terran Vehicle Weapons Level 2  
  177  13:03  Sensor Tower  
  177  13:07  Hellbat x2  
  177  13:09  Supply Depot  
  171  13:28  Siege Tank x2  
  171  13:31  Ghost x2, Armory  
  181  13:38  Command Center  
  181  13:41  Missile Turret  
  181  13:42  Command Center  
  181  13:44  Hellbat  
  181  13:45  Hellbat  
  185  13:51  Liberator x2  
  191  14:02  Missile Turret  
  191  14:03  Missile Turret  
  191  14:05  Missile Turret  
  190  14:12  Orbital Command  
  190  14:15  Hellbat x2, Siege Tank x2  
  200  14:19  Terran Vehicle And Ship Armor Level 1  
  200  14:20  Neosteel Armor  
  196  14:50  Viking x2  
  196  14:51  Siege Tank  
  197  15:15  Terran Vehicle Weapons Level 3  
  197  15:19  Orbital Command  
  188  15:25  Hellbat, Siege Tank x2  
  173  15:30  Ghost x4  
  169  15:37  Marine x5  
  169  15:38  Marine x2  
  176  15:52  Planetary Fortress  
  176  15:56  Marine x4  
  180  15:58  Ghost, Siege Tank  
  180  15:59  Ghost, Hellbat, Siege Tank, Marauder x2  
  196  16:09  Medivac x2  
  195  16:13  Orbital Command  
  166  16:20  Ghost, Hellbat  
  166  16:21  Hellbat, Marauder  
  166  16:23  Marine x6  
  157  16:28  Marauder  
  157  16:30  Siege Tank  
  164  16:34  SCV x5  
  169  16:41  Ghost, Reaper  
  169  16:46  SCV, Refinery  
  171  16:47  Refinery  
  171  16:48  Medivac x2  
  133  17:17  Orbital Command  
  133  17:20  Siege Tank x2  
  133  17:21  Hellbat x2  
  133  17:22  Marauder  
  123  17:33  Marauder x2  
  123  17:34  Marauder, Marine  
  130  17:40  Marine  
  130  17:41  Marine  
  130  17:42  Hellbat  
  130  17:43  Marauder  
  136  17:49  Hellbat  
  138  17:55  Marauder x2  
  139  18:07  Siege Tank x2  
  139  18:08  Hellbat, Liberator x2  
  153  18:13  Hellbat, Marine, Marauder  
  153  18:14  Marauder  
  153  18:17  Orbital Command  
  153  18:18  Supply Depot  
  128  18:34  Marauder x2, Marine x4  
  108  18:35  Marauder x2  
  108  18:39  Hellbat x2  
  121  18:48  Siege Tank  
  124  18:57  Hellbat  
  124  19:01  Hellbat  
  128  19:08  Marauder x2  
  128  19:09  Marauder  
  134  19:11  Marauder  
  134  19:19  Hellbat  
  108  19:34  Siege Tank  
  98  19:40  Siege Tank  
  99  19:57  Orbital Command  
  90  20:00  Hellbat x2  
  93  20:10  Orbital Command  
  93  20:17  Marauder  
  92  20:51  Hellbat  
  76  21:16  Orbital Command  
  59  21:21  Orbital Command  
  59  21:30  Marauder x2  
Show
View Real Time Build Order
Export as new Build Order

Serral Zerg - Winner!

Build Orders: Hatch First 

Get SALT Encoding   

  12  0:00  Drone  
  13  0:11  Overlord  
  13  0:16  Drone  
  14  0:30  Drone x2  
  16  0:47  Hatchery  
  15  0:50  Drone  
  15  0:54  Drone  
  17  0:57  Drone  
  18  1:08  Extractor  
  17  1:13  Spawning Pool  
  17  1:16  Drone  
  17  1:19  Drone  
  18  1:27  Drone  
  19  1:38  Drone  
  20  1:49  Drone  
  21  1:59  Queen x2  
  21  2:00  Zergling x2  
  26  2:03  Drone  
  27  2:09  Overlord  
  27  2:10  Drone  
  28  2:22  Hatchery  
  27  2:25  Drone  
  27  2:29  Drone  
  29  2:31  Drone  
  29  2:32  Drone  
  31  2:37  Metabolic Boost  
  31  2:43  Queen  
  33  2:49  Overlord  
  33  2:50  Drone  
  33  2:53  Drone  
  33  2:55  Drone  
  35  3:03  Overlord  
  35  3:07  Drone x4  
  35  3:11  Queen  
  41  3:14  Drone  
  41  3:17  Drone  
  43  3:21  Queen  
  43  3:25  Zergling x2  
  46  3:31  Zergling x2  
  47  3:35  Queen  
  47  3:36  Overlord  
  47  3:39  Zergling x4  
  51  3:43  Zergling x2  
  51  3:44  Drone  
  51  3:48  Queen  
  53  3:50  Drone x2  
  53  3:54  Overlord  
  57  3:57  Drone x3  
  57  4:02  Queen  
  62  4:05  Zergling x2  
  62  4:07  Overlord  
  62  4:08  Drone  
  64  4:11  Overlord  
  64  4:16  Drone x2  
  66  4:22  Zergling x2  
  66  4:23  Drone x4  
  70  4:27  Overlord  
  70  4:30  Drone x2  
  72  4:36  Lair  
  72  4:38  Drone x2  
  74  4:40  Extractor  
  74  4:41  Overlord  
  74  4:42  Drone  
  74  4:44  Drone  
  75  4:48  Drone x2  
  77  4:53  Baneling Nest  
  77  4:54  Evolution Chamber x2  
  77  4:55  Drone x2  
  77  4:59  Drone  
  80  5:00  Drone x3  
  80  5:02  Drone x2  
  80  5:05  Queen  
  84  5:07  Zergling x2  
  84  5:10  Zergling x2  
  84  5:11  Spore Crawler  
  84  5:12  Drone  
  86  5:19  Zergling x6  
  84  5:30  Zergling x2, Drone  
  84  5:31  Drone x7  
  84  5:33  Drone  
  93  5:36  Hatchery  
  93  5:37  Zerg Melee Weapons Level 1  
  92  5:43  Drone x3  
  92  5:44  Extractor  
  92  5:45  Centrifugal Hooks, Extractor  
  92  5:47  Hatchery, Overlord  
  94  5:50  Hatchery  
  94  5:51  Drone x4  
  97  5:59  Overlord  
  97  6:03  Hatchery  
  96  6:04  Zerg Ground Armor Level 1  
  96  6:08  Zergling x10  
  101  6:16  Zergling x6  
  101  6:17  Zergling x2  
  105  6:20  Overlord  
  105  6:24  Baneling x8  
  105  6:28  Overlord  
  105  6:32  Zergling x14  
  112  6:40  Overseer  
  112  6:42  Zergling x10  
  112  6:45  Overlord  
  117  6:51  Overlord, Baneling x6  
  117  6:59  Drone  
  118  7:06  Drone x3  
  118  7:08  Queen  
  123  7:09  Overlord  
  123  7:10  Zergling x12  
  123  7:13  Baneling x6  
  128  7:16  Zergling x2  
  128  7:17  Zergling x10  
  128  7:19  Drone  
  128  7:20  Queen  
  128  7:22  Zergling x2  
  138  7:29  Baneling x7  
  138  7:33  Zergling x14  
  145  7:37  Zergling x6  
  145  7:41  Zergling x2  
  145  7:42  Zergling x6  
  151  7:46  Baneling  
  151  7:47  Baneling x2  
  151  7:50  Zergling x14  
  132  8:06  Drone x2  
  132  8:07  Drone  
  132  8:08  Zergling x16  
  132  8:09  Infestation Pit, Baneling x3  
  132  8:10  Baneling x3  
  132  8:12  Drone x2  
  144  8:13  Zerg Melee Weapons Level 2  
  144  8:15  Zerg Ground Armor Level 2  
  144  8:19  Zergling x12  
  150  8:26  Zergling x8  
  129  8:30  Drone x3  
  132  8:34  Extractor  
  132  8:35  Hatchery  
  132  8:36  Zergling x4  
  132  8:38  Baneling x2  
  132  8:39  Baneling x2  
  132  8:45  Zergling x26  
  132  8:47  Overlord  
  145  8:55  Hive  
  145  8:57  Zergling x8, Spore Crawler  
  145  9:01  Overseer, Pneumatized Carapace  
  145  9:02  Overseer  
  148  9:04  Zergling x14  
  148  9:08  Baneling x3  
  148  9:09  Baneling x2  
  155  9:10  Drone x2  
  155  9:13  Drone x4, Extractor  
  155  9:16  Zergling x10  
  162  9:21  Overlord x2  
  162  9:22  Overlord x2  
  162  9:30  Drone x2, Spore Crawler  
  163  9:35  Zergling x14  
  163  9:37  Hatchery, Hydralisk Den  
  168  9:41  Zergling x20  
  178  10:04  Zergling x4  
  178  10:05  Zergling x4  
  180  10:15  Adrenal Glands, Grooved Spines  
  180  10:16  Viper x2  
  180  10:17  Zergling x26  
  180  10:20  Hatchery  
  194  10:30  Spore Crawler  
  194  10:32  Spore Crawler  
  194  10:34  Zergling x54  
  199  10:40  Baneling x8  
  199  10:41  Spore Crawler  
  199  10:42  Zergling x4  
  199  10:52  Zerg Ground Armor Level 3, Zerg Missile Weapons Level 1  
  199  11:18  Baneling x12  
  199  11:19  Baneling x2  
  198  11:27  Muscular Augments  
  198  11:30  Drone x2  
  199  11:35  Baneling x12  
  199  11:36  Baneling x3  
  199  11:37  Baneling  
  199  11:45  Baneling x5  
  199  11:57  Extractor  
  199  11:59  Drone, Spore Crawler  
  198  12:10  Baneling x3  
  198  12:11  Hatchery, Baneling  
  198  12:15  Hatchery  
  175  12:29  Zergling x46  
  165  12:30  Zergling x14  
  165  12:32  Zergling x38  
  165  12:33  Zergling x12  
  191  12:39  Viper x2  
  191  12:42  Hydralisk  
  191  12:43  Hydralisk x3  
  199  12:46  Overseer  
  199  12:51  Baneling x17  
  199  12:53  Extractor  
  199  12:55  Drone x2, Hatchery  
  199  12:58  Spore Crawler  
  199  13:02  Overseer  
  199  13:04  Baneling x8  
  198  13:05  Drone  
  199  13:13  Zerg Missile Weapons Level 2  
  199  13:16  Extractor  
  198  13:20  Drone  
  198  13:21  Drone  
  198  13:35  Drone, Unknown, Zerg Melee Weapons Level 3  
  198  13:36  Drone x2  
  200  13:49  Spire  
  199  13:59  Drone  
  199  14:00  Drone, Unknown  
  200  14:18  Burrow  
  200  14:23  Pathogen Glands  
  199  14:50  Zergling x2  
  200  14:59  Lurker Den, Baneling x6  
  199  15:00  Baneling x2  
  199  15:09  Baneling  
  199  15:10  Baneling x6  
  191  15:20  Zergling x30, Neural Parasite  
  194  15:26  Zergling x2  
  194  15:27  Zergling x48  
  192  15:32  Hydralisk x4  
  192  15:33  Hydralisk  
  183  15:40  Baneling x6  
  182  15:43  Hydralisk x4, Baneling x8  
  182  15:44  Zergling x18  
  199  15:53  Greater Spire  
  195  15:57  Baneling x7  
  178  16:12  Zergling x44  
  178  16:15  Zergling x10  
  178  16:16  Zergling x44  
  190  16:22  Zergling x58  
  190  16:24  Viper  
  198  16:26  Drone  
  199  16:35  Baneling x21  
  199  16:43  Drone  
  199  16:46  Baneling x8  
  200  16:57  Hatchery  
  186  17:03  Zergling x42  
  184  17:13  Zergling x36  
  177  17:18  Zergling x10  
  170  17:25  Viper  
  170  17:27  Baneling  
  170  17:28  Zergling x2, Baneling x19  
  170  17:29  Zergling x8  
  178  17:31  Baneling x2  
  178  17:32  Baneling  
  178  17:34  Zergling x8  
  182  17:39  Zergling x6  
  184  17:45  Zergling x8  
  188  17:53  Drone x3  
  188  17:55  Zergling x18  
  188  17:57  Baneling  
  188  17:58  Baneling x6  
  200  18:03  Zergling x2  
  200  18:04  Zergling x16  
  200  18:08  Baneling x7  
  164  18:27  Zergling x2  
  164  18:28  Zergling x34  
  160  18:34  Zergling x14  
  160  18:35  Zergling x16  
  160  18:38  Overseer  
  160  18:40  Overlord  
  166  18:44  Drone, Baneling x8  
  166  18:45  Drone x2  
  169  18:48  Baneling x4  
  169  18:49  Overseer, Overlord, Baneling x4  
  169  18:52  Zergling x16  
  177  18:58  Zergling x10, Spore Crawler  
  181  19:03  Baneling x6  
  180  19:12  Zergling x26  
  188  19:20  Hydralisk  
  188  19:23  Hydralisk  
  168  19:29  Hydralisk x2  
  168  19:30  Hydralisk x2, Zergling x12  
  168  19:31  Zergling x10  
  166  19:37  Zergling x14  
  151  19:43  Lurker  
  151  19:44  Infestor x2  
  155  19:47  Lurker  
  155  19:50  Zergling x2  
  155  19:51  Zergling x16  
  153  19:56  Zergling x14  
  143  20:07  Baneling x7  
  143  20:08  Baneling x2  
  143  20:13  Hatchery  
  143  20:14  Zergling x12  
  148  20:18  Zergling x2  
  148  20:19  Zergling x6  
  151  20:27  Zergling x16  
  151  20:28  Zergling x2  
  158  20:42  Hatchery  
  155  20:43  Zergling x6  
  155  20:46  Baneling x7  
  155  20:48  Hatchery  
  157  20:51  Zergling x8  
  160  20:58  Zergling x22  
  166  21:05  Baneling x5  
  142  21:16  Zergling x30  
  150  21:19  Overseer  
  150  21:20  Overseer  
  148  21:25  Infestor  
  148  21:28  Baneling  
  148  21:29  Baneling x4  
  148  21:30  Zergling x12  
  156  21:37  Drone x2  
  156  21:39  Hatchery  
  156  21:43  Zergling x2  
  156  21:44  Zergling x4  
  157  21:51  Hatchery  
  154  21:54  Drone  
Tags
 
Add a new tag
Caveats
  • Supply blocks, unpowered buildings, or Contaminate may cause inaccurate times.
  • Supply counts are checked every 10 seconds.